AoeStats
← PainRhino

Arena

510568103Analyzed
3v3 RM · 2d ago on Oct 1, 2026· 31m 57s· 6 players
Game mode
Random Map
Map size
Normal (6 player)
Population
200
Speed
Normal
Resources
Standard
Victory
Conquest
Starting age
Dark Age
Ending age
Imperial Age
RankedLock teamsTeams togetherTeam positionsShared explorationLock speedFull tech treeHidden civsTurbo modeCheats
Victory
Defeat
🇦🇷 Portuguese · Argentina
1386
+14
🇩🇪 Bengalis · Germany
1366
+15
🇦🇷 Cumans · Argentina
1255
+19
🇩🇪 Turks · Germany
1412
-19
1403
-19
🇩🇪 Britons · Germany
1179
-10
Fappi / / / Mode: WHEEEELER
9:51 Feudal Age
14:04 Castle Age
20:39 Double-Bit Axe
26:30 Imperial Age
25:35 Bloodlines
25:27 Husbandry
25:23 Loom
28:07 Masonry
29:06 Cavalier
PainRhino
10:31 Feudal Age
11:52 Loom
14:39 Castle Age
13:26 Double-Bit Axe
13:43 Horse Collar
21:46 Bow Saw
22:09 Heavy Plow
24:05 Redemption
24:44 Wheelbarrow
24:28 Scale Barding Armor
27:40 Chain Barding Armor
31:00 Imperial Age
28:57 Forging
29:09 Bloodlines
29:26 Husbandry
30:19 Iron Casting
31:03 Hand Cart
32:47 Blast Furnace
Deathqon
6:21 Loom
10:08 Feudal Age
10:54 Loom
15:51 Castle Age
15:19 Double-Bit Axe
15:18 Horse Collar
18:09 Bow Saw
25:34 Fletching
Jojo
9:59 Feudal Age
13:38 Castle Age
15:16 Fervor
15:27 Sanctity
22:09 Redemption
26:21 Imperial Age
27:30 Illumination
27:20 Block Printing
27:41 Theocracy
27:49 Siege Elephant
30:52 Wheelbarrow
30:54 Scale Barding Armor
Polaco
9:58 Feudal Age
13:42 Castle Age
11:32 Double-Bit Axe
12:04 Horse Collar
12:27 Loom
17:56 Sanctity
25:16 Imperial Age
24:10 Bow Saw
24:02 Heavy Plow
23:56 Town Watch
24:47 Wheelbarrow
27:15 Block Printing
27:37 Theocracy
27:02 Fletching
27:53 Murder Holes
28:11 Bodkin Arrow
29:28 Conscription
31:45 Two-Man Saw
32:35 Chemistry
31:41 Arquebus
32:22 Hand Cart
Nitsuga
9:42 Feudal Age
11:59 Double-Bit Axe
11:55 Horse Collar
13:32 Horse Collar
22:37 Bloodlines
24:46 Castle Age
23:53 Scale Barding Armor
23:59 Forging
26:03 Chain Barding Armor
28:03 Iron Casting
Connection lost

Rejoining the realm…

Still unreachable

The connection could not be restored.

Session expired

The server has moved on; the page needs a fresh start.